 Dungeon Crawl Stone Soup version 0.18-a0-1805-g8ab820f (webtiles) character file.

330 M4edhros the Poker (level 6, -8/47 HPs)
             Began as a Mummy Chaos Knight on Apr 26, 2016.
             Mangled by a hell rat (shapeshifter) (14 damage)
             ... on level 4 of the Dungeon.
             The game lasted 00:03:32 (2985 turns).

M4edhros the Poker (Mummy Chaos Knight)             Turns: 2985, Time: 00:03:32

Health: -8/47      AC: 11    Str: 20    XL:     6   Next: 26%
Magic:  6/6        EV:  6    Int: 12    God:    Xom [..*...]
Gold:   115        SH:  0    Dex: 13    Spells: 0 memorised, 5 levels left

rFire  x . .     SeeInvis .     r - +1 short sword (venom)
rCold  + . .     Gourm    .     f - +0 plate armour
rNeg   + + +     Faith    .     (no shield)
rPois  ∞         Spirit   .     (no helmet)
rElec  .         Dismiss  .     (no cloak)
rCorr  .         Reflect  .     (no gloves)
SustAt .         Harm     .     h - +0 pair of boots
MR     .....                    (no amulet)
Stlth  ..........               (no ring)
                                s - +5 ring of strength

@: not resistant to hostile enchantments, extremely unstealthy
A: no food or potions, fire vulnerability, cold resistance 1, negative energy
resistance 3, torment resistance, unbreathing
a: Renounce Religion


You were on level 4 of the Dungeon.
You worshipped Xom.
You were a toy of Xom.
You were not hungry.

You visited 1 branch of the dungeon, and saw 4 of its levels.

You collected 115 gold pieces.

Inventory:

Hand Weapons
 a - a +0 spear of chaos
 d - a +2 dagger of freezing
 g - a +2 short sword of chaos
 l - a +0 hunting sling
 r - a +1 short sword of venom (weapon)
Missiles
 c - 90 stones (quivered)
 k - 5 javelins
 n - 66 sling bullets
Armour
 b - a +2 leather armour
 f - a +0 plate armour (worn)
 h - a +0 pair of boots (worn)
Jewellery
 s - a +5 ring of strength (left hand)
Wands
 p - a wand of polymorph (8/24)
Scrolls
 e - 2 scrolls of enchant armour {unknown}
 i - 4 scrolls of identify {unknown}
 j - a scroll of remove curse {unknown}
 m - a scroll of amnesia {unknown}
 o - a scroll of immolation {unknown}
 q - a scroll of noise {unknown}


   Skills:
 - Level 3.0 Fighting
 - Level 4.0 Polearms
 + Level 4.0 Slings
 - Level 1.5 Armour
 - Level 0.7 Dodging


You had 5 spell levels left.
You didn't know any spells.

Dungeon Overview and Level Annotations

Branches:
Dungeon (4/15)
 Temple: D:4-7

Altars:
Gozag
Kikubaaqudgha
Nemelex Xobeh
Okawaru
Pakellas
Sif Muna


Innate Abilities, Weirdness & Mutations

You do not eat or drink.
Your flesh is vulnerable to fire.
You are immune to poison.
Your flesh is cold resistant.
You are immune to negative energy.
You are immune to unholy pain and torment.
You can survive without breathing.


Message History

The hell rat bites you.
You hit the hell rat but do no damage.
The hell rat is poisoned.
The hell rat barely misses you.
You hit the hell rat but do no damage.
The hell rat looks even sicker.
The hell rat bites you!
* * * LOW HITPOINT WARNING * * *
You can't drink.
Read which item? (? for menu, Esc to quit)
Okay, then.
Evoke which item? (* to show all) (? for menu, Esc to quit)
Zapping:
p - a wand of polymorph (will waste charges)
Press: ? - help, Shift-Dir - straight line, f - hell rat
Aim: a hell rat shaped shifter (magical condensation, lightly wounded, poisoned, chance to defeat MR: 46%)
Okay, then.
You hit the hell rat.
The hell rat is moderately wounded.
The hell rat bites you!
* * * LOW HITPOINT WARNING * * *
The hell rat bites you!
You die...

#...............
#...............
#...............
#...............
###†.###....##.#
#.###..#####.#
#####.###....# #.#
..........##.# #§#
####.#######.###@#
#.# #..##r# ## #.#
##.##o#### .###.#
#..§o§..# ..#..#
##......# ....##
#......# .....##
#......# ......###
##.....###
........#
#.....(.#


You could see a hell rat shaped shifter and 2 orcs.

Vanquished Creatures
  An orc wizard (D:3)
  2 iguanas
  A worker ant (D:4)
  4 adders
  5 gnolls
  An ooze (D:1)
  An adder skeleton (D:4)
  2 worms (D:3)
  2 dart slugs (D:1)
  A giant gecko (D:2)
  5 orcs
  8 bats
  6 giant cockroaches
  9 goblins
  A hobgoblin (D:3)
  2 quokkas (D:2)
  A ball python (D:3)
  2 giant newts
  8 kobolds
  8 rats
70 creatures vanquished.

Vanquished Creatures (collateral kills)
  The ghost of Zhenya25pyc the Shield-Bearer, an amateur GrFi of Okawaru (D:3)
  A giant cockroach (D:3)
2 creatures vanquished.

Grand Total: 72 creatures vanquished

Notes
Turn   | Place    | Note
--------------------------------------------------------------
     0 | D:1      | M4edhros the Mummy Chaos Knight began the quest for the Orb.
     0 | D:1      | Reached XP level 1. HP: 18/18 MP: 1/1
    81 | D:1      | XOM: harmless Hex miscast
    89 | D:1      | Reached XP level 2. HP: 24/24 MP: 2/2
   162 | D:1      | XOM: chaos upgrade
   446 | D:1      | Reached XP level 3. HP: 29/29 MP: 3/3
   455 | D:1      | XOM: summons 1 hostile demon
   456 | D:1      | Noticed a chaos spawn
   456 | D:1      | XOM: butterfly on damage
   456 | D:1      | HP: 1/29 [chaos spawn[Xom] (15)]
   964 | D:1      | XOM: god gift: 24 stones
  1062 | D:2      | Found an iron altar of Okawaru.
  1172 | D:2      | Reached XP level 4. HP: 32/35 MP: 4/4
  1265 | D:2      | XOM: smoke on damage
  1564 | D:3      | Reached skill level 1 in Slings
  1640 | D:3      | Noticed Zhenya25pyc's ghost (amateur GrFi)
  1642 | D:3      | XOM: cast spell 'Monstrous Menagerie'
  1652 | D:3      | Killed Zhenya25pyc's ghost
  1652 | D:3      | Reached XP level 5. HP: 37/41 MP: 5/5
  1735 | D:3      | XOM: mild Chrm miscast
  1951 | D:3      | Found an opulent altar of Gozag.
  1952 | D:3      | Found an oddly glowing altar of Pakellas.
  1952 | D:3      | Found a sparkling altar of Nemelex Xobeh.
  1956 | D:3      | Found a deep blue altar of Sif Muna.
  1956 | D:3      | Found an ancient bone altar of Kikubaaqudgha.
  1957 | D:3      | XOM: smoke on damage
  2041 | D:3      | XOM: harmless Divn miscast
  2536 | D:3      | XOM: summons 3 hostile shadow creatures
  2537 | D:3      | Noticed an ice beast
  2556 | D:3      | XOM: colour smoke trail
  2776 | D:4      | Reached XP level 6. HP: 38/47 MP: 6/6
  2961 | D:4      | XOM: enchant monster (bad)
  2963 | D:4      | XOM: polymorph giant cockroach -> giant gecko
  2974 | D:4      | XOM: smoke on damage
  2985 | D:4      | Mangled by a hell rat (shapeshifter)

Vault maps used:
D:1:      dpeg_arrival_connections, minmay_ruptured
D:2:      lemuel_crystal_altar
D:3:      grunt_temple_overflow_open, first_bread, lemuel_another_geyser
D:4:      portal_sewer_entry_e, minivault_24, patterned_corridor

Skill      XL: |  1  2  3  4  5  6 |
---------------+-------------------+-----
Polearms       | 3 4 |  4.0
Slings         | 2 3 4 |  4.0
Fighting       | |  3.0
Armour         | |  1.5
Dodging        | |  0.7

Action                   |  1- 3 |  4- 6 || total
-------------------------+-------+-------++-------
Melee: Spear             |    33 |       ||    33
       Dagger            |    29 |       ||    29
       Short sword       |    49 |   155 ||   204
 Stab: Paralysed         |     2 |       ||     2
Armor: Leather armour    |    31 |       ||    31
       Plate armour      |    43 |   101 ||   144
Dodge: Dodged            |    52 |    39 ||    91
